 Dungeon Crawl Stone Soup version 0.28-a0-1447-ga5a8893891 (webtiles) character file.

Game seed: 14257455542000203209

2152 lonewolfV2 the Ducker (level 9, -6/84 HPs)
             Began as a Troll Fighter on Jan 11, 2022.
             Engulfed by a steam dragon's steam (23 damage)
             ... on level 7 of the Dungeon.
             The game lasted 00:16:02 (4937 turns).

lonewolfV2 the Ducker (Troll Fighter)               Turns: 4937, Time: 00:16:02

Health: -6/84      AC:  6    Str: 28    XL:     9   Next: 10%
Magic:  17/17      EV:  9    Int: 10    God:
Gold:   382        SH:  8    Dex: 11    Spells: 8/8 levels left

rFire   x . .      SeeInvis +   u - +6 war axe of the Tundras {vorpal, rPois rF- MP+9 SInv}
rCold   + . .      Faith    +   b - +0 kite shield
rNeg    . . .      Spirit   .   i - +0 troll leather armour {Pargi}
rPois   +          Reflect  .   (helmet restricted)
rElec   .          Harm     .   (no cloak)
rCorr   .          Rampage  .   (gloves unavailable)
Will    .....                   (boots unavailable)
Stlth   +.........              w - amulet of faith
HPRegen 1.84/turn               o - +6 ring of intelligence
MPRegen 0.15/turn               v - ring of protection from cold

@: studying Maces & Flails
A: large, unfitting armour, claws 3, regeneration 1, shaggy fur 1, tough skin 1
a: no special abilities


You were on level 7 of the Dungeon.
You visited 1 branch of the dungeon, and saw 7 of its levels.
You also visited: Sewer.

You collected 382 gold pieces.

Inventory:

Hand Weapons
 g - a +1 short sword of freezing
 p - the +5 spear "Hevu" {flame, rC+}
   (You took it off a hobgoblin on level 3 of the Dungeon)

   It burns those it strikes, dealing additional fire damage.
   rC:        It protects you from cold.
 u - the +6 war axe of the Tundras (weapon) {vorpal, rPois rF- MP+9 SInv}
   (You found it on level 5 of the Dungeon)

   It inflicts extra damage upon your enemies.
   rF:        It makes you vulnerable to fire.
   rPois:     It protects you from poison.
   MP:        It affects your magic capacity (+9).
   SInv:      It lets you see invisible.
Missiles
 A - 2 throwing nets (quivered)
Armour
 b - a +0 kite shield (worn)
 i - a +0 troll leather armour (worn) {Pargi}
Jewellery
 o - a +6 ring of intelligence (left claw)
 v - a ring of protection from cold (right claw)
 w - an amulet of faith (around neck)
Wands
 n - a wand of flame (17)
Scrolls
 k - 3 scrolls of teleportation
 l - 2 scrolls of identify
 m - 2 scrolls of blinking
 r - a scroll of enchant weapon {unknown}
 x - a scroll of enchant armour {unknown}
 y - 5 scrolls of noise {unknown}
Potions
 a - 2 potions of ambrosia {unknown}
 c - a potion of might
 d - a potion of flight
 e - 3 potions of heal wounds
 f - 3 potions of haste
 h - 2 potions of berserk rage
 j - a potion of curing {unknown}
 q - 2 potions of magic
 t - 2 potions of mutation {unknown}
 z - a potion of attraction {unknown}
 B - 2 potions of lignification {unknown}


   Skills:
 + Level 3.9 Fighting
 + Level 1.3 Short Blades
 + Level 4.4(5.1) Axes
 + Level 4.0(5.0) Polearms
 + Level 3.0 Armour
 + Level 4.8 Dodging
 + Level 0.7 Stealth
 + Level 4.7 Shields
 + Level 2.3 Unarmed Combat


You had 8 spell levels left.
You didn't know any spells.
Your spell library contained the following spells:

 Spells                   Type           Power      Damage    Failure   Level
 Summon Small Mammal      Summ           0%         N/A       67%         1
 Corpse Rot               Necr/Air       0%         N/A       82%         2
 Call Canine Familiar     Summ           0%         N/A       96%         3
 Summon Guardian Golem    Hex/Summ       0%         N/A       96%         3
 Dispel Undead            Necr           0%         3d6       100%        4
 Death Channel            Necr           0%         N/A       100%        6


Dungeon Overview and Level Annotations

Branches:
Dungeon (7/15)              Sewer (visited)
 Temple: D:4-7

Altars:
Kikubaaqudgha
Makhleb
Sif Muna
The Shining One

Shops:
D:2 [   D:6 :


Innate Abilities, Weirdness & Mutations

You are too large for most types of armour.
You have claws for hands.
Your natural rate of healing is unusually fast.
You are covered in fur. (AC +1)
You have tough skin. (AC +1)


Message History

You barely miss the steam dragon. The steam dragon closely misses you.
You block the steam dragon's attack.
Unknown command.
You slash the steam dragon!
The steam dragon is heavily wounded.
You block the steam dragon's attack.
The steam dragon claws you but does no damage.
The steam dragon bites you.
The steam dragon claws you but does no damage.
You closely miss the steam dragon.
The steam dragon is heavily wounded.
The steam dragon closely misses you. The steam dragon barely misses you.
You completely miss the steam dragon.
The steam dragon is heavily wounded.
The steam dragon breathes steam at you. The ball of steam misses you.
A two-headed ogre comes into view.
It is wielding two +0 giant spiked clubs.
The steam dragon misses you. You block the steam dragon's attack.
You slash the steam dragon!
The steam dragon is almost dead.
You are engulfed in a cloud of scalding steam.
The steam dragon barely misses you. The steam dragon claws you.
You barely miss the steam dragon.
The steam dragon is almost dead.
You block the steam dragon's attack. The steam dragon barely misses you.
You barely miss the steam dragon.
The steam dragon is almost dead.
You block the steam dragon's attack. The steam dragon claws you.
The steam dragon bites you.
The steam dragon claws you but does no damage.
You barely miss the steam dragon.
The steam dragon is almost dead.
The steam dragon breathes steam at you. The ball of steam hits you!
The steam scalds you terribly!
* * * LOW HITPOINT WARNING * * *
Unknown command.
You barely miss the steam dragon.
The steam dragon is almost dead.
You are engulfed in a cloud of scalding steam.
You die...

#.#.#. ....
#.#####.#.#. ...
#........... ..#
############ ...
...... #.# ......
#O# #### #D# #@#
#§################
#§................
##################


You could see a two-headed ogre and a steam dragon (catching breath).

Vanquished Creatures
  A shadow (D:5)
  2 water moccasins
  Pargi (Sewer)
  A black bear (D:7)
  2 ogres (D:4)
  A necrophage (D:4)
  A phantom (D:4)
  A gnoll sergeant (D:6)
  6 scorpions
  A water moccasin skeleton (D:4)
  A howler monkey (D:5)
  2 hounds (D:5)
  2 jellies (D:5)
  3 bullfrog skeletons
  A centaur skeleton (D:7)
  Terence (D:2)
  Natasha (D:2)
  2 iguanas
  4 orc wizards
  4 hound skeletons
  A howler monkey zombie (D:5)
  8 gnolls (D:6)
  7 adders
  A river rat (D:3)
  2 shadow imps (D:6)
  An adder skeleton (D:4)
  2 worms
  5 dart slugs
  8 orcs
  12 bats
  9 endoplasms
  4 giant cockroaches
  6 goblins
  10 hobgoblins
  2 quokkas
  5 ball pythons
  9 frilled lizards
  7 kobolds
  A quokka skeleton (D:4)
  8 rats
146 creatures vanquished.

Vanquished Creatures (others)
  A sky beast (D:7)
  27 plants (D:4)
28 creatures vanquished.

Grand Total: 174 creatures vanquished

Notes
Turn   | Place    | Note
-------+----------+-------------------------------------------
     0 | D:1      | lonewolfV2 the Troll Fighter began the quest for the Orb.
     0 | D:1      | Reached XP level 1. HP: 22/22 MP: 0/0
    95 | D:1      | Reached XP level 2. HP: 28/29 MP: 1/1
   460 | D:1      | Reached XP level 3. HP: 23/36 MP: 2/2
   543 | D:1      | Found a faded altar of an unknown god.
   884 | D:2      | Found Ifonker's Antique Armour Shop.
   888 | D:2      | Noticed Terence
   894 | D:2      | Killed Terence
   895 | D:2      | Reached XP level 4. HP: 36/44 MP: 3/3
  1102 | D:2      | Noticed Natasha
  1108 | D:2      | Killed Natasha
  1372 | D:3      | Reached skill level 1 in Short Blades
  1428 | D:3      | Identified the +5 spear "Hevu" {flame, rC+}
  1430 | D:3      | Found a glowing golden altar of the Shining One.
  1557 | D:3      | Reached XP level 5. HP: 52/52 MP: 4/4
  1764 | D:3      | Found a glowing drain.
  1797 | Sewer    | Entered a sewer
  1833 | Sewer    | Noticed Pargi
  1842 | Sewer    | Killed Pargi
  1843 | Sewer    | Reached skill level 1 in Polearms
  1843 | Sewer    | Reached XP level 6. HP: 54/61 MP: 5/5
  2330 | D:4      | Reached XP level 7. HP: 67/67 MP: 6/6
  2546 | D:4      | Reached skill level 1 in Armour
  2764 | D:5      | Entered Level 5 of the Dungeon
  2970 | D:5      | Identified the +6 war axe of the Tundras {vorpal, rPois rF-
                  | MP+9 SInv}
  3091 | D:5      | Found a burning altar of Makhleb.
  3134 | D:5      | Reached XP level 8. HP: 75/75 MP: 7/7
  3258 | D:5      | Reached skill level 1 in Axes
  4155 | D:6      | Found an ancient bone altar of Kikubaaqudgha.
  4566 | D:6      | Found a shimmering blue altar of Sif Muna.
  4602 | D:6      | Found Ofail's Book Shop.
  4707 | D:7      | Reached XP level 9. HP: 78/84 MP: 8/8
  4829 | D:7      | Identified a scroll of acquirement
  4829 | D:7      | Acquired a manual of Maces & Flails
  4932 | D:7      | Noticed a two-headed ogre
  4937 | D:7      | Engulfed by a steam dragon's steam

Illustrated notes

Levels and vault maps discovered:
D:1:      dpeg_arrival_tiny_b, layout_basic, basic_ecumenical_altar
D:2:      layout_basic, serial_shops, nicolae_shop_advertising_works
          [nicolae_subvault_shop_adworks], uniq_terence, uniq_natasha
D:3:      layout_loops_ring, amcnicky_altar_gilded, portal_sewer_entry_a
D:4:      wad_woods_pond, layout_cave_pools, minmay_unequal
D:5:      kennysheep_big_flooded_room, layout_cave_pods,
          mainiacjoe_overflow_chevrons
D:6:      layout_loops_corners, mainiacjoe_overflow_small_starburst,
          mainiacjoe_overflow_concentric_impassable, serial_shops,
          kennysheep_little_box, chequers_decorated_corner
D:7:      layout_basic, minmay_temple_entry_offerings

Skill      XL: |  1  2  3  4  5  6  7  8 |
---------------+-------------------------+-----
Dodging        | 3 4 |  4.8
Shields        | 3 4 |  4.7
Short Blades   | 1 |  1.3
Fighting       | 3 |  3.9
Polearms       | 1 2 3 4 |  4.0
Armour         | 1 3 |  3.0
Axes           | 4 |  4.4
Stealth        | |  0.7
Unarmed Combat | |  2.3

Action                   |  1- 3 |  4- 6 |  7- 9 || total
-------------------------+-------+-------+-------++-------
Melee: Unarmed           |    14 |       |       ||    14
       Short sword       |    99 |    26 |       ||   125
       Spear             |       |   105 |    48 ||   153
       War axe           |       |       |   121 ||   121
  Use: Scroll            |     4 |     3 |     3 ||    10
       Potion            |       |     5 |       ||     5
Armor: Robe              |    66 |    31 |       ||    97
       Troll leather arm |       |    22 |    52 ||    74
Dodge: Dodged            |    56 |    71 |    88 ||   215
Block: Kite shield       |    55 |    68 |    86 ||   209

Table legend: (Time is in decaauts)
 A = Elapsed time spent in this place.
 B = Non-inter-level travel time spent in this place.
 C = Inter-level travel time spent in this place.
 D = Time resting spent in this place.
 E = Time spent auto-exploring this place.
 F = Levels seen in this place.
 G = Mean time per level.
                   A        B        C        D        E       F      G
               +--------+--------+--------+--------+--------+-----+--------+
         Total |   5048 |   4867 |    181 |     18 |   3314 |   8 |  631.0 |
       Dungeon |   4940 |   4759 |    181 |     18 |   3300 |   7 |  705.7 |
         Sewer |    107 |    107 |      0 |      0 |     14 |   1 |  107.0 |
               +--------+--------+--------+--------+--------+-----+--------+

Top non-repeatable levels by time:
     D:6: 991 daAuts
     D:5: 981 daAuts
     D:2: 758 daAuts
     D:3: 696 daAuts
     D:4: 678 daAuts
     D:1: 581 daAuts
     D:7: 252 daAuts
   Sewer: 107 daAuts
